 Dungeon Crawl Stone Soup version 0.16.2-3-ga078185 (webtiles) character file.

833 gorblad the Ruffian (level 7, -9/71 HPs)
             Began as a Troll Chaos Knight on Sept 6, 2015.
             Killed by divine providence
             ... invoked by an orc priest
              (11 damage)
             ... on level 6 of the Dungeon.
             The game lasted 00:23:19 (4286 turns).

gorblad the Ruffian (Troll Chaos Knight)            Turns: 4286, Time: 00:23:19

Health: -9/71      AC:  9    Str: 19    XL:     7   Next: 65%
Magic:  0/3        EV: 11    Int:  8    God:    Xom [.*....]
Gold:   236        SH:  0    Dex: 11    Spells: 0 memorised, 6 levels left

rFire  . . .     SeeInvis .       - Unarmed
rCold  . . .     Clarity  .     b - +2 robe
rNeg   . . .     SustAb   .     (shield restricted)
rPois  .         Gourm    +     (helmet restricted)
rElec  .         Spirit   +     (no cloak)
rCorr  .         Warding  .     (gloves unavailable)
rMut   .         Stasis   .     (boots unavailable)
MR     +....                    t - amulet of guardian spirit
Stlth  +.........               (no ring)
                                (no ring)

@: somewhat resistant to hostile enchantments, very unstealthy
A: unfitting armour, claws 3, horns 1, thin metallic scales 1, fast metabolism
3, gourmand, magic resistance 1, regeneration 2, shaggy fur 1, tough skin 2,
weak 1
a: Renounce Religion


You were on level 6 of the Dungeon.
You worshipped Xom.
You were a plaything of Xom.
You were very full.

You visited 1 branch of the dungeon, and saw 6 of its levels.

You collected 236 gold pieces.

Inventory:

Hand weapons
 i - a +1 short sword of speed
Armour
 b - a +2 robe (worn)
 c - a +0 leather armour
 n - a +0 robe
 u - the cursed -5 chain mail of Dishonesty {+Blink Str+3, unknown}
   (You found it on level 4 of the Dungeon)

   It affects your strength (+3).
   It lets you blink.
   It has a curse placed upon it.
Jewellery
 k - a +5 ring of slaying
 t - an amulet of guardian spirit (around neck)
Magical devices
 y - a wand of flame (34)
Scrolls
 e - a scroll of recharging
 h - 4 scrolls of remove curse
 o - 6 scrolls of identify
 x - a scroll of magic mapping {unknown}
 z - 3 scrolls of vulnerability {unknown}
Potions
 d - a potion of agility {unknown}
 f - a potion of might {unknown}
 g - 2 potions of curing {unknown}
 l - a potion of haste {unknown}
 m - 2 potions of brilliance {unknown}
 p - a potion of lignification {unknown}
 r - a potion of resistance {unknown}
Comestibles
 a - 2 meat rations
 j - 2 beef jerkies
 q - 3 fruits
 s - 3 bread rations
 v - 11 chunks of flesh
 w - a royal jelly


   Skills:
 + Level 4.5 Fighting
 + Level 1.6 Armour
 + Level 3.8 Dodging
 + Level 1.0 Stealth
 + Level 6.0 Unarmed Combat


You had 6 spell levels left.
You didn't know any spells.

Dungeon Overview and Level Annotations

Branches:
Dungeon (6/15)
 Temple: D:4-7

Altars:
Qazlal


Innate Abilities, Weirdness & Mutations

You are too large for most types of armour.
You have claws for hands.
Your metabolism is lightning-fast.
You like to eat raw meat.
You heal very quickly.
You are covered in fur (AC +1).
You have very tough skin (AC +2).
You have a pair of small horns on your head.
You are partially covered in thin metallic scales (AC +2).
You are resistant to hostile enchantments.
You are weak. (Str -2)


Message History

You are too injured to fight recklessly!
You are too injured to fight recklessly!
You are too injured to fight recklessly!
You are too injured to fight recklessly!
A hound comes into view.
The hound barks!
The hound pauses to sniff the ground.
You are too injured to fight recklessly!
You are too injured to fight recklessly!
You closely miss the orc warrior. Your headbutt misses the orc warrior.
The orc warrior is almost dead.
The orc warrior hits you with a mace of protection!
* * * LOW HITPOINT WARNING * * *
Xom thinks this is hilarious!
The orc priest mumbles some strange prayers to Beogh.
You feel a wave of unholy energy pass over you.
The orc priest calls down the wrath of Beogh upon you.
Something smites you!
You die...
Xom bursts into laughter!

### #.. #.. #..
####..########
.............
#.[.........
###.#..@##########.#
........h.oo.ooo.....
###.....##########.#
#o# ####..# #.# #..#
#o# .... #.# .....
#o# #..... #.. .....
#o#


You could see 2 orc warriors, a hound, an orc priest and 2 orcs.

Vanquished Creatures
  A phantom (D:5)
  A centaur (D:5)
  A crocodile (shapeshifter) (D:4)
  A giant frog (D:5)
  2 crimson imps
  A hound (D:4)
  A giant frog skeleton (D:4)
  3 orc wizards (D:5)
  2 worker ants
  2 hound skeletons (D:5)
  5 adders
  4 gnolls (D:3)
  A shadow imp (D:5)
  3 worms
  4 giant geckos
  2 oozes (D:2)
  24 orcs
  7 giant cockroaches
  9 hobgoblins
  9 kobolds
  A quokka (D:2)
  A ball python (D:3)
  12 bats
  7 giant newts
  4 goblins
  4 jackals (D:3)
  A quokka skeleton (D:4)
  13 rats
126 creatures vanquished.

Notes
Turn   | Place    | Note
--------------------------------------------------------------
     0 | D:1      | gorblad, the Troll Chaos Knight, began the quest for the Orb.
     0 | D:1      | Reached XP level 1. HP: 22/22 MP: 1/1
     6 | D:1      | Noticed a swamp drake
     6 | D:1      | Noticed a killer bee
     6 | D:1      | Noticed a polar bear
     7 | D:1      | Noticed an iguana
     7 | D:1      | Noticed a black mamba
    74 | D:1      | XOM: divination: magic mapping
   178 | D:1      | Reached XP level 2. HP: 29/29 MP: 1/1
   525 | D:2      | XOM: mild Divn miscast
   710 | D:2      | Reached XP level 3. HP: 37/37 MP: 2/2
   798 | D:2      | Reached skill level 1 in Dodging
  1396 | D:2      | XOM: divination: detect creatures
  1403 | D:2      | XOM: harmless Summ miscast
  1427 | D:2      | XOM: harmless Necr miscast
  1533 | D:2      | XOM: colour smoke trail
  1634 | D:3      | Reached XP level 4. HP: 43/45 MP: 2/2
  1729 | D:3      | Reached skill level 4 in Unarmed Combat
  1885 | D:3      | XOM: silly message
  1920 | D:3      | XOM: confusion (+ monsters)
  1928 | D:3      | XOM: harmless Pois miscast
  1961 | D:3      | XOM: confuse monster(s)
  1966 | D:3      | Reached XP level 5. HP: 51/53 MP: 2/2
  2102 | D:3      | Found a stormy altar of Qazlal.
  2104 | D:3      | Noticed an earth elemental
  2105 | D:3      | Noticed a fire elemental
  2105 | D:3      | Noticed a water elemental
  2105 | D:3      | Noticed an air elemental
  2318 | D:3      | XOM: colour smoke trail
  2669 | D:4      | Noticed an ogre
  2675 | D:4      | XOM: confuse monster(s)
  2677 | D:4      | Noticed a raven
  2677 | D:4      | an ogre changed into a raven
  2677 | D:4      | XOM: polymorph ogre -> raven
  2684 | D:4      | Xom revived you
  2685 | D:4      | a raven changed into a crocodile
  2688 | D:4      | XOM: noise
  2692 | D:4      | HP: 1/53 [crocodile (shapeshifter) (3)]
  2693 | D:4      | Reached XP level 6. HP: 1/62 MP: 0/3
  2798 | D:4      | Gained mutation: You have a pair of small horns on your head. [mutagenic meat]
  2799 | D:4      | Gained mutation: You are resistant to hostile enchantments. [mutagenic meat]
  2800 | D:4      | Gained mutation: You are partially covered in thin metallic scales (AC +2). [mutagenic meat]
  2801 | D:4      | Gained mutation: You are weak. (Str -2) [mutagenic meat]
  3009 | D:4      | Got a twisted chain mail
  3312 | D:5      | Entered Level 5 of the Dungeon
  3315 | D:5      | Reached skill level 5 in Unarmed Combat
  3328 | D:5      | XOM: enchant monster (bad)
  3495 | D:5      | Reached XP level 7. HP: 58/70 MP: 3/3
  3735 | D:5      | XOM: noise
  3821 | D:5      | Reached skill level 1 in Stealth
  3945 | D:5      | XOM: noise
  4112 | D:5      | Reached skill level 6 in Unarmed Combat
  4113 | D:5      | XOM: enchant monster (bad)
  4261 | D:6      | XOM: noise
  4269 | D:6      | XOM: 1-stop teleportation journey
  4270 | D:6      | XOM: blink monster(s)
  4285 | D:6      | HP: 1/71 [orc warrior/mace of protection (15)]
  4286 | D:6      | Killed from afar by an orc priest

Action                   |  1- 3 |  4- 6 |  7- 9 || total
-------------------------+-------+-------+-------++-------
Melee: Unarmed           |   106 |   159 |    92 ||   357
  Use: Scroll            |       |     5 |       ||     5
 Stab: Confused          |       |     1 |       ||     1
       Sleeping          |       |       |     1 ||     1
  Eat: Chunk             |     8 |    21 |    13 ||    42
       Bread ration      |     1 |       |       ||     1
       Fruit             |       |     2 |       ||     2
